 Dungeon Crawl Stone Soup version 0.30-b1-2-g02819fbbbe (webtiles) character file.

Game seed: 2895067674263368892

91387 Armakuni the Caregiver (level 16, -8/122 HPs)
             Began as a Human Artificer on May 20, 2023.
             Was a Believer of Elyvilon.
             Mangled by a caustic shrike simulacrum (25 damage)
             ... led by a necromancer
             ... on level 3 of the Abyss on May 21, 2023.
             The game lasted 01:19:45 (25380 turns).

Armakuni the Caregiver (Human Artificer)           Turns: 25380, Time: 01:19:46

Health: -8/122     AC: 29    Str: 24    XL:     16   Next: 50%
Magic:  27/27      EV: 18    Int: 27    God:    Elyvilon [**....]
Gold:   459        SH:  5    Dex: 13    Spells: 15/15 levels left

rFire   . . .        a - +9 spear of Zin, Gnashing {flame, rN+ Str+3}
rCold   . . .        N - +0 buckler
rNeg    + + .        H - +9 plate armour of Wenej {rPois rF- Int+9 Stlth+}
rPois   +            Q - +2 helmet
rElec   .            f - +0 cloak
rCorr   .            C - +1 pair of gloves of the Farmer {Contam rN+ Str+3 Int+3}
SInv    .            g - +0 pair of boots
Will    +....        R - amulet of regeneration Stlth
                     F - ring of protection from fire
HPRegen 1.20/turn    A - ring of the Hare {EV+10}
MPRegen 0.20/turn

%: no passive effects
@: on berserk cooldown
A: no striking features
a: Renounce Religion, Purification, Heal Other


You were on level 3 of the Abyss.
You worshipped Elyvilon.
Elyvilon was pleased with you.
You visited 4 branches of the dungeon, and saw 22 of its levels.
You visited the Abyss 1 time.
You also visited: Sewer and Gauntlet.

You collected 2837 gold pieces.
You spent 2378 gold pieces at shops.

Inventory:

Hand Weapons
 a - the +9 spear of Zin, Gnashing (weapon) {flame, rN+ Str+3}
   (You took it off a gnoll on level 4 of the Dungeon)

   Str:       It affects your strength (+3).
   rN:        It protects you from negative energy.
Missiles
 y - 4 javelins (quivered)
 E - 9 boomerangs
 U - 3 boomerangs of dispersal
Armour
 f - a +0 cloak (worn)
 g - a +0 pair of boots (worn)
 t - a +0 kite shield of reflection
 C - the +1 pair of gloves of the Farmer (worn) {Contam rN+ Str+3 Int+3}
   (You found it on level 2 of the Orcish Mines)

   Str:       It affects your strength (+3).
   Int:       It affects your intelligence (+3).
   rN:        It protects you from negative energy.
   Contam:    It causes magical contamination when unequipped.
 H - the +9 plate armour of Wenej (worn) {rPois rF- Int+9 Stlth+}
   (You found it on level 13 of the Dungeon)

   Int:       It affects your intelligence (+9).
   rF:        It makes you vulnerable to fire.
   rPois:     It protects you from poison.
   Stlth:     It makes you more stealthy.
 N - a +0 buckler (worn)
 Q - a +2 helmet (worn)
Jewellery
 A - the ring of the Hare (right hand) {EV+10}
   (You bought it in a shop on level 11 of the Dungeon)

   [ring of evasion]

   EV:        It affects your evasion (+10).
 F - a ring of protection from fire (left hand)
 I - a ring of see invisible
 L - a ring of flight
 P - a +4 ring of protection
 R - an amulet of regeneration (around neck)
Wands
 j - a wand of iceblast (10)
 k - a wand of digging (3)
 p - a wand of polymorph (10)
 v - a wand of flame (52)
 J - a wand of mindburst (7)
 Y - a wand of quicksilver (3)
Scrolls
 m - a scroll of enchant armour
 o - 2 scrolls of vulnerability
 r - 2 scrolls of teleportation
 u - 3 scrolls of amnesia
 w - 4 scrolls of silence
 z - 4 scrolls of fear
 B - 6 scrolls of enchant weapon
 G - 2 scrolls of noise
 O - 3 scrolls of fog
 T - 2 scrolls of blinking
 W - a scroll of identify
 X - 2 scrolls of brand weapon
Potions
 c - 3 potions of mutation
 d - 6 potions of cancellation
 h - 13 potions of curing
 i - 4 potions of ambrosia
 l - 4 potions of attraction
 n - 6 potions of lignification
 q - a potion of invisibility
 s - 7 potions of haste
 x - 3 potions of flight
 D - 5 potions of resistance
 V - 2 potions of brilliance
 Z - 6 potions of magic
Miscellaneous
 S - a lightning rod (2/4)


   Skills:
 - Level 10.0 Fighting
 + Level 13.1(13.6) Axes
 - Level 6.0(10.4) Polearms
 - Level 13.2 Throwing
 - Level 5.0 Armour
 - Level 5.0 Dodging
 - Level 1.0 Stealth
 - Level 4.0 Shields
 - Level 15.0 Invocations
 - Level 10.0 Evocations


You had 15 spell levels left.
You didn't know any spells.
Your spell library contained the following spells:

 Spells                   Type           Power      Damage    Failure   Level
 Kiss of Death            Conj/Necr      0%         2d5       92%         1
 Slow                     Hex            0%         N/A       92%         1
 Sting                    Tmut/Pois      0%         1d3       92%         1
 Summon Small Mammal      Summ           0%         N/A       92%         1
 Blink                    Tloc           0%         N/A       98%         2
 Lesser Beckoning         Tloc           0%         N/A       98%         2
 Momentum Strike          Conj/Tloc      0%         3d8       98%         2
 Poisonous Vapours        Pois/Air       0%         N/A       98%         2
 Sublimation of Blood     Necr           0%         N/A       98%         2
 Call Canine Familiar     Summ           0%         N/A       100%        3
 Confusing Touch          Hex            0%         N/A       100%        3
 Gell's Gravitas          Tloc           0%         N/A       100%        3
 Inner Flame              Hex/Fire       0%         N/A       100%        3
 Mephitic Cloud           Conj/Pois/Air  0%         N/A       100%        3
 Spider Form              Tmut/Pois      0%         N/A       100%        3
 Summon Guardian Golem    Hex/Summ       0%         N/A       100%        3
 Teleport Other           Tloc           0%         N/A       100%        3
 Vampiric Draining        Necr           0%         2d6       100%        3
 Dispel Undead            Necr           0%         3d6       100%        4
 Olgreb's Toxic Radiance  Pois           0%         N/A       100%        4
 Passage of Golubria      Tloc           0%         N/A       100%        4
 Petrify                  Tmut/Erth      0%         N/A       100%        4
 Summon Ice Beast         Ice/Summ       0%         N/A       100%        4
 Alistair's Intoxication  Tmut/Pois      0%         N/A       100%        5
 Borgnjor's Vile Clutch   Necr/Erth      0%         N/A       100%        5
 Fireball                 Conj/Fire      0%         3d3       100%        5
 Irradiate                Conj/Tmut      0%         3d11      100%        5
 Iskenderun's Battlesphe  Conj           0%         2d6       100%        5
 Metabolic Englaciation   Hex/Ice        0%         N/A       100%        5
 Silence                  Hex/Air        0%         N/A       100%        5
 Summon Mana Viper        Hex/Summ       0%         N/A       100%        5
 Yara's Violent Unravell  Hex/Tmut       0%         3d3       100%        5
 Conjure Ball Lightning   Conj/Air       0%         3x3d6     100%        6
 Dispersal                Tloc           0%         N/A       100%        6
 Eringya's Noxious Bog    Tmut/Pois      0%         N/A       100%        6
 Statue Form              Tmut/Erth      0%         N/A       100%        6
 Enfeeble                 Hex            0%         N/A       100%        7
 Monstrous Menagerie      Summ           0%         N/A       100%        7
 Orb of Destruction       Conj           0%         9d5       100%        7
 Lehudib's Crystal Spear  Conj/Erth      0%         10d2      100%        8
 Maxwell's Capacitive Co  Air            0%         ∞         100%        8


Dungeon Overview and Level Annotations

Branches:
Dungeon (14/15)            Temple (1/1) D:7            Lair (5/5) D:9
  Swamp (0/4) Lair:2       Spider (0/4) Lair:3        Slime (0/5) Lair:5
    Orc (2/2) D:10         Vaults (0/5) D:14          Sewer (visited)
Gauntlet (visited)
    Elf: Orc:2

Altars:
Ashenzari
Cheibriados
Dithmenos
Elyvilon
Fedhas
Gozag
Hepliaklqana
Kikubaaqudgha
Makhleb
Nemelex Xobeh
Okawaru
Qazlal
Ru
Sif Muna
Trog
Uskayaw
Vehumet
Wu Jian
Xom
Yredelemnul
Zin
The Shining One

Shops:
D:1 :?[!   D:11 =([   Orc:2 ==[

Annotations:
D:12 1 runed translucent door
Lair:2 3 runed translucent doors, eelars's ghost, journeyman HOFi


Message History

A tentacle flies out from the starspawn's body!
A caustic shrike simulacrum comes into view.
A starspawn tentacle comes into view.
A centaur warrior zombie comes into view.
The caustic shrike simulacrum barely misses you.
You closely miss the caustic shrike simulacrum.
The caustic shrike simulacrum claws you but does no damage.
You closely miss the caustic shrike simulacrum.
The caustic shrike simulacrum closely misses you.
You miss the caustic shrike simulacrum.
You block the caustic shrike simulacrum's attack.
The caustic shrike simulacrum completely misses you.
You hit the caustic shrike simulacrum.
You melt the caustic shrike simulacrum.
The caustic shrike simulacrum is lightly damaged.
The caustic shrike simulacrum claws you!
The caustic shrike simulacrum freezes you!!!
You puncture the caustic shrike simulacrum!
You melt the caustic shrike simulacrum!
The caustic shrike simulacrum is heavily damaged.
The caustic shrike simulacrum claws you but does no damage.
You hit the caustic shrike simulacrum.
You melt the caustic shrike simulacrum.
The caustic shrike simulacrum is severely damaged.
The caustic shrike simulacrum claws you.
The caustic shrike simulacrum freezes you!!!
* * * LOW HITPOINT WARNING * * *
Okay, then.
Unknown command.
Press: ? - help, Dir - move target, f - caustic shrike simulacrum Heal: a caustic shrike simulacrum (severely damaged, mindless) Unknown command.
You feel much better.
The caustic shrike simulacrum claws you!
The caustic shrike simulacrum freezes you!!!
* * * LOW HITPOINT WARNING * * *
The caustic shrike simulacrum claws you but does no damage.
You feel much better.
The caustic shrike simulacrum claws you.
* * * LOW HITPOINT WARNING * * *
The caustic shrike simulacrum freezes you!!
You die...

# # . # . #. #
.. #### ## . #
.#. .. # ###.#
# .. . .
#.#.##.# .. #
# ##....#. . .
.# #@.# #.## #
. .....##Z##
†.### . .
..#..X.#..##.#
# .# #
#.....Z..# ##
## # .
#...##.#..# #
#Z ###. #
#.##. #..# ...
# ##.# ## ##


You could see a caustic shrike simulacrum and a centaur warrior zombie.

Vanquished Creatures
  A tentacled starspawn (Abyss:2)
  A tengu reaver (D:13)
  Donald (Orc:2)
  An orc warlord (Orc:2)
  3 very ugly things
  Snorg (Orc:1)
  A green death (Abyss:2)
  4 vault guards (D:14)
  Fannar (Orc:1)
  An ogre mage (D:14)
  9 centaur warriors
  A hydra (D:14)
  A catoblepas (D:14)
  3 boulder beetles (D:14)
  A deep troll earth mage (D:13)
  A tengu warrior (D:13)
  2 thrashing horrors (Abyss:2)
  A deep elf knight (D:14)
  A skeletal warrior (D:14)
  A skyshark (Lair:5)
  A titan skeleton (Abyss:2)
  A wretched star (Abyss:2)
  A goliath frog (Lair:5)
  A deep troll (D:14)
  A deep elf archer (D:14)
  2 deep elf pyromancers
  A large abomination (Abyss:2)
  4 orc knights
  A wolf spider (D:14)
  The ghost of dorian the Martial Artist, a novice OpTm of Elyvilon (D:6)
  2 orc sorcerers
  2 ugly things (Abyss:3)
  A guardian serpent (Abyss:3)
  4 elephants (Lair:5)
  5 cyclopes
  A guardian serpent (shapeshifter) (D:14)
  An apocalypse crab (Abyss:2)
  3 black mambas
  4 gargoyles
  4 unseen horrors
  16 cane toads
  A torpor snail (Lair:4)
  4 komodo dragons
  A freezing wraith (D:14)
  5 rime drakes
  2 efreet (D:13)
  An unseen horror (shapeshifter) (D:14)
  A yaktaur (D:14)
  11 trolls
  2 ancient zymes (Abyss:2)
  A tengu conjurer (D:13)
  A queen bee (shapeshifter) (D:14)
  A tyrant leech (Lair:5)
  Prince Ribbit (D:9)
  A polar bear (Lair:4)
  2 hornets
  Grinder (Sewer)
  16 blink frogs
  A dream sheep (Lair:2)
  10 slime creatures
  2 wyverns
  45 yaks
  A wraith (D:14)
  2 basilisks
  A redback (D:14)
  9 vampire mosquitoes
  A steam dragon (D:6)
  3 wargs
  3 acid dragons
  12 water moccasins
  30 orc warriors
  3 black bears
  3 sky beasts
  4 ogres
  17 wolves
  9 centaurs
  8 kobold brigands
  18 bullfrogs
  7 scorpions
  A gnoll sergeant (D:7)
  4 wights (D:7)
  4 killer bees (D:9)
  5 howler monkeys
  2 small abominations (Abyss:2)
  A quasit (Sewer)
  2 jellies
  4 hounds
  20 orc priests
  A gnoll bouda (D:4)
  A sleepcap (D:7)
  Ijyb (D:3)
  2 iguanas (D:4)
  22 orc wizards
  Robin (D:3)
  14 adders
  13 gnolls
  2 white imps (D:5)
  7 ufetubi
  An adder zombie (Sewer)
  4 worms
  96 orcs
  6 ball pythons
  2 bat zombies (Sewer)
  10 endoplasms
  6 giant cockroaches
  16 goblins
  10 hobgoblins
  7 jackals
  42 kobolds
  2 quokkas
  11 bats
  3 frilled lizards
  6 rats
663 creatures vanquished.

Vanquished Creatures (collateral kills)
  An orc warlord (Orc:2)
  An orc knight (Orc:2)
  An orc sorcerer (Orc:2)
  Menkaure (D:6)
  A warg (Orc:2)
  An orc priest (D:5)
  4 orcs
  3 jackals (D:5)
13 creatures vanquished.

Vanquished Creatures (others)
  An ugly thing (D:14)
  A cyclops (D:14)
  A komodo dragon (Lair:4)
  A raiju (Abyss:2)
  2 dream sheep (Lair:2)
  A slime creature (D:13)
  A wyvern (Lair:4)
  A yak (D:9)
  2 orc warriors
  4 wolves (Lair:4)
  An orc priest (Orc:2)
  2 hounds
  An orc wizard (Orc:2)
  2 gnolls (D:4)
  9 orcs
  2 endoplasms (Sewer)
  A giant cockroach zombie (Sewer)
  A bush (Lair:5)
  22 fungi
  84 plants
  8 starspawn tentacles
148 creatures vanquished.

Grand Total: 824 creatures vanquished

Notes
Turn   | Place    | Note
-------+----------+-------------------------------------------
     0 | D:1      | Armakuni the Human Artificer began the quest for the Orb.
     0 | D:1      | Reached XP level 1. HP: 15/15 MP: 1/1
    33 | D:1      | Got the Grimoire of the Kangaroo
   264 | D:1      | Found Poukloizua's Distillery.
   269 | D:1      | Found Yzuffit's Armour Shop.
   279 | D:1      | Bought a potion of heal wounds for 50 gold pieces
   302 | D:1      | Reached XP level 2. HP: 21/21 MP: 2/2
   432 | D:1      | Found Viafuill's Book Boutique.
   523 | D:1      | Found Yprychiu's Magic Scroll Emporium.
   869 | D:2      | Identified the +5 leather armour of Tartarus {Contam rElec
                  | rC++}
  1451 | D:2      | Reached XP level 3. HP: 15/26 MP: 3/3
  1890 | D:2      | Reached XP level 4. HP: 32/32 MP: 4/4
  1968 | D:2      | Reached skill level 5 in Evocations
  2174 | D:2      | Reached XP level 5. HP: 37/37 MP: 5/5
  2245 | D:3      | Found a broken altar of Ashenzari.
  2563 | D:3      | Found a glowing golden altar of the Shining One.
  2572 | D:3      | Noticed Ijyb
  2587 | D:3      | Killed Ijyb
  2653 | D:3      | Noticed Robin
  2670 | D:3      | Killed Robin
  3313 | D:4      | Reached XP level 6. HP: 43/43 MP: 6/6
  3447 | D:4      | Reached XP level 7. HP: 22/48 MP: 7/7
  3453 | D:4      | Identified the +9 spear of Zin, Gnashing {flame, rN+ Str+3}
  3666 | D:4      | Found a white marble altar of Elyvilon.
  3675 | D:4      | Became a worshipper of Elyvilon the Healer
  3699 | D:4      | Reached skill level 1 in Polearms
  3910 | D:4      | Found a basalt altar of Yredelemnul.
  3912 | D:4      | You fall into a shaft and drop 2 floors!
  3927 | D:6      | Noticed a water moccasin
  3932 | D:6      | Killed a water moccasin
  3942 | D:6      | Noticed Menkaure
  3948 | D:6      | Killed Menkaure
  3949 | D:6      | Reached XP level 8. HP: 58/58 MP: 8/8
  4100 | D:5      | Entered Level 5 of the Dungeon
  4139 | D:5      | Reached skill level 5 in Armour
  4436 | D:5      | Found a glowing drain.
  4438 | D:5      | Reached * piety under Elyvilon
  4452 | Sewer    | Entered a sewer
  4584 | Sewer    | Found a burning altar of Makhleb.
  4596 | Sewer    | Reached skill level 1 in Invocations
  4628 | Sewer    | Noticed Grinder
  4646 | Sewer    | Killed Grinder
  4647 | Sewer    | Reached skill level 2 in Invocations
  4647 | Sewer    | Reached XP level 9. HP: 35/63 MP: 11/11
  4660 | Sewer    | Reached skill level 3 in Invocations
  4945 | D:5      | Found a stormy altar of Qazlal.
  5055 | D:5      | Reached skill level 1 in Shields
  5085 | D:5      | Got the Compilation of Obstruction and Poisoning
  5149 | D:5      | Reached skill level 5 in Polearms
  5156 | D:5      | Reached skill level 4 in Invocations
  5753 | D:6      | Reached ** piety under Elyvilon
  5814 | D:6      | Reached skill level 5 in Invocations
  5917 | D:6      | Found a runed translucent gate.
  5918 | D:6      | Found a runed translucent gate.
  5919 | D:6      | Found a runed translucent gate.
  5921 | D:6      | Noticed dorian's ghost (novice OpTm)
  6263 | D:1      | Bought a +2 scale mail of poison resistance for 252 gold
                  | pieces
  6289 | D:1      | Bought a potion of heal wounds for 50 gold pieces
  6289 | D:1      | Bought a potion of attraction for 30 gold pieces
  6289 | D:1      | Bought a potion of might for 40 gold pieces
  6321 | D:1      | Bought a scroll of teleportation for 30 gold pieces
  6715 | D:6      | Killed dorian's ghost
  6716 | D:6      | Reached skill level 7 in Invocations
  6716 | D:6      | Reached XP level 10. HP: 65/70 MP: 15/15
  6776 | D:7      | Found a bloodstained altar of Trog.
  6929 | D:7      | Reached skill level 8 in Invocations
  7118 | D:7      | Found a hide-covered altar of Uskayaw.
  7229 | D:7      | Identified the +0 scale mail of the Blizzard {Harm Dex+2}
  7247 | D:7      | Found a shimmering blue altar of Sif Muna.
  7345 | D:7      | Reached skill level 9 in Invocations
  7795 | D:7      | Found a staircase to the Ecumenical Temple.
  7809 | Temple   | Entered the Ecumenical Temple
  8412 | D:8      | Reached skill level 10 in Invocations
  8458 | D:8      | Found an opulent altar of Gozag.
  8459 | D:8      | Found a sparkling altar of Nemelex Xobeh.
  8791 | D:8      | Found a snail-covered altar of Cheibriados.
  8791 | D:8      | Found a shadowy altar of Dithmenos.
  8792 | D:8      | Found a sacrificial altar of Ru.
  8920 | D:8      | Reached *** piety under Elyvilon
  9176 | D:9      | Found a staircase to the Lair.
  9193 | Lair:1   | Entered Level 1 of the Lair of Beasts
  9208 | Lair:1   | Reached skill level 5 in Dodging
  9208 | Lair:1   | Reached XP level 11. HP: 74/78 MP: 18/18
  9212 | Lair:1   | Reached skill level 5 in Fighting
  9342 | Lair:1   | Reached skill level 11 in Invocations
  9611 | Lair:1   | Reached skill level 12 in Invocations
 10172 | Lair:1   | Reached skill level 13 in Invocations
 10960 | Lair:2   | Reached XP level 12. HP: 59/88 MP: 22/22
 11169 | Lair:2   | Reached skill level 14 in Invocations
 11171 | Lair:2   | Found a staircase to the Swamp.
 11465 | Lair:2   | Noticed eelars's ghost (journeyman HOFi)
 11479 | Lair:2   | Noticed a minotaur
 11484 | Lair:2   | Noticed an eight-headed hydra
 11620 | Lair:2   | Found a runed translucent gate.
 11620 | Lair:2   | Found a runed translucent gate.
 11620 | Lair:2   | Found a runed translucent gate.
 12025 | Lair:3   | You are sucked into a shaft and drop 2 floors!
 12025 | Lair:5   | Entered Level 5 of the Lair of Beasts
 12051 | Lair:4   | Reached skill level 15 in Invocations
 12332 | Lair:3   | HP: 3/91 [komodo dragon (12)]
 12730 | Lair:3   | Found a hole to the Spider Nest.
 13189 | Lair:4   | Identified the +7 trident of Kodwust {pain, Int+2}
 13407 | Lair:4   | Noticed Urug
 13409 | Lair:4   | Urug changed into Urug the death drake
 13409 | Lair:4   | Noticed Urug
 13410 | Lair:4   | Pacified Urug the death drake
 13758 | Lair:4   | Reached XP level 13. HP: 96/103 MP: 24/24
 13763 | Lair:4   | Reached skill level 10 in Fighting
 14228 | Lair:5   | Identified the +4 great sword of Quud {flame, rF++ Str-5}
 14488 | Lair:5   | Found a staircase to the Slime Pits.
 14489 | Lair:5   | Identified the +0 ring mail of the Cicada {rPois Will-
                  | Str+6}
 14493 | Lair:5   | Reached skill level 10 in Evocations
 14498 | Lair:5   | Reached skill level 1 in Throwing
 14762 | Lair:5   | Reached skill level 5 in Throwing
 15049 | Lair:5   | Noticed an eight-headed hydra
 15052 | Lair:5   | Pacified an eight-headed hydra
 15219 | Lair:5   | Reached XP level 14. HP: 99/110 MP: 20/25
 15917 | D:9      | Found a shimmering altar of Xom.
 15952 | D:9      | Found an iron altar of Okawaru.
 16174 | D:9      | Noticed Prince Ribbit
 16183 | D:9      | Killed Prince Ribbit
 16489 | D:10     | Entered Level 10 of the Dungeon
 16976 | D:10     | Found a staircase to the Orcish Mines.
 17165 | D:10     | Reached skill level 10 in Throwing
 17193 | D:10     | Found a hazy altar of Hepliaklqana.
 17436 | Orc:1    | Entered Level 1 of the Orcish Mines
 17571 | Orc:1    | Noticed Sonja
 17572 | Orc:1    | Noticed Fannar
 17574 | Orc:1    | Sonja changed into Sonja the hornet
 17574 | Orc:1    | Noticed Sonja
 17587 | Orc:1    | Paralysed by Sonja for 1 turns
 17592 | Orc:1    | Killed Sonja the hornet
 17611 | Orc:1    | Killed Fannar
 18453 | Orc:1    | Noticed Snorg
 18468 | Orc:1    | Killed Snorg
 18728 | Orc:2    | Entered Level 2 of the Orcish Mines
 19351 | Orc:2    | Found Jypoce's Jewellery Emporium.
 19387 | Orc:2    | Reached **** piety under Elyvilon
 19708 | Orc:2    | Noticed an orc warlord
 19734 | Orc:2    | Killed an orc warlord
 20207 | Orc:2    | Noticed an orc warlord
 20228 | Orc:2    | Killed an orc warlord
 20494 | Orc:2    | Found Sutwofum's Jewellery Shop.
 20548 | Orc:2    | Bought an amulet of regeneration for 390 gold pieces
 20728 | Orc:2    | Noticed Donald
 20755 | Orc:2    | Killed Donald
 20761 | Orc:2    | Noticed an orc warlord
 20766 | Orc:2    | Found Jikause's Antique Armour Shop.
 20768 | Orc:2    | Identified the +1 pair of gloves of the Farmer {Contam rN+
                  | Str+3 Int+3}
 20790 | Orc:2    | Reached XP level 15. HP: 115/115 MP: 26/26
 20796 | Orc:2    | Noticed an orc warlord
 20916 | D:11     | Found Tipir's Weapon Emporium.
 21108 | D:11     | Reached skill level 1 in Axes
 21176 | D:11     | Found Ipsyloh's Jewellery Emporium.
 21294 | D:11     | Found Nashrix's Armour Emporium.
 21798 | D:11     | Bought the ring of the Hare {EV+10} for 1536 gold pieces
 21798 | D:11     | Found the ring of the Hare {EV+10}
 21936 | D:12     | Found a gate leading to a gauntlet.
 21943 | Gauntlet | Entered a Gauntlet
 21943 | Gauntlet | Found a transporter.
 21943 | Gauntlet | Found a runed translucent gate.
 21943 | Gauntlet | Found a runed translucent gate.
 21945 | Gauntlet | Found a runed translucent gate.
 21950 | Gauntlet | Found a transporter.
 21952 | Gauntlet | Found a transporter.
 21963 | Gauntlet | Found a transporter.
 21966 | Gauntlet | Found a transporter.
 21970 | Gauntlet | Found a runed translucent door.
 21973 | Gauntlet | Found a runed translucent door.
 21975 | Gauntlet | Found a transporter.
 21991 | Gauntlet | Found a transporter.
 22004 | Gauntlet | Found a transporter.
 22016 | Gauntlet | Found a transporter.
 22021 | Gauntlet | Found a transporter.
 22021 | Gauntlet | Found a transporter.
 22049 | Gauntlet | Found a transporter.
 22049 | Gauntlet | Found a transporter.
 22101 | Gauntlet | Found a transporter.
 22397 | D:12     | Noticed a fire giant
 22398 | D:12     | Found a runed translucent door.
 22399 | D:12     | Noticed a tengu reaver
 22400 | D:12     | Noticed a war gargoyle
 22581 | D:13     | Reached skill level 5 in Axes
 23009 | D:13     | Noticed a tengu reaver
 23051 | D:13     | Killed a tengu reaver
 23326 | D:13     | Identified the +9 plate armour of Wenej {rPois rF- Int+9
                  | Stlth+}
 23833 | D:14     | Found a gate to the Vaults.
 24153 | D:14     | Reached skill level 10 in Axes
 24177 | D:14     | Reached XP level 16. HP: 100/122 MP: 27/27
 24936 | Abyss:2  | Cast into level 2 of the Abyss (a wizard)
 25006 | Abyss:2  | Noticed a tentacled starspawn
 25058 | Abyss:2  | Killed a tentacled starspawn
 25219 | Abyss:2  | Found a corrupted altar of Lugonu.
 25248 | Abyss:2  | Found a corrupted altar of Lugonu.
 25368 | Abyss:3  | Noticed a tentacled starspawn
 25379 | Abyss:3  | HP: 3/122 [caustic shrike simulacrum[a necromancer] (39)]
 25380 | Abyss:3  | Mangled by a caustic shrike simulacrum

Illustrated notes

Levels and vault maps discovered:
D:1:      psy_arrival_basics, layout_rooms, serial_shops, shop, shop, shop,
          nicolae_shop_real_fake_doors, minmay_pentomino_q2
D:2:      layout_basic, amcnicky_mini_pool_small, hangedman_decor_push,
          minmay_snake_closets
D:3:      minmay_recursive_quarters, layout_basic, tso_metal_star,
          ashenzari_altar_1, uniq_ijyb, uniq_robin
D:4:      layout_basic, kennysheep_ying_yang, grunt_ministairs_7
D:5:      layout_gridville, nicolae_qazlal_scattered_showers,
          cheibrodos_sewer_entry_bend, minmay_holes, guppyfry_early_orc_mine
D:6:      layout_basic, gammafunk_ghost_split, kennysheep_generic_room_9,
          uniq_menkaure
D:7:      layout_basic, mainiacjoe_overflow_six_doors_small,
          nicolae_sif_muna_condensation, trog_hazing_becter,
          minmay_temple_entry_drinking_statues, mrwooster_statue_mirror,
          nicolae_sextant, chequers_avenue, grunt_decor_one_mirror
D:8:      layout_loops_cross, grunt_temple_overflow_opulence,
          chequers_temple_overflow_statue_of_worship, minmay_misc_feat_cross,
          minmay_misc_feat_secret_circle
D:9:      layout_roguey, mainiacjoe_overflow_small_starburst,
          okawaru_gym_becter, lair_entry_dummy, nicolae_underground_beach,
          uniq_prince_ribbit1
D:10:     layout_rooms, lemuel_crystal_altar, hiddenorc2_lemuel, minivault_25_ag
D:11:     layout_rooms, serial_shops, nicolae_shop_bloodbath_and_beyond, shop,
          nicolae_shop_tiny_real_fake_doors, fountainhead
D:12:     minmay_gate_of_8, layout_loops_ring, gauntlet_entry_generic
D:13:     minmay_containers, layout_cave_pools,
          nicolae_concentric_dashed_squares_mild
D:14:     minmay_the_grid_triangle_9x9_rhombus_full_mashed
          [minmay_the_grid_triangle_9x9_descending_squares,
          minmay_the_grid_triangle_9x9_wacky_v,
          minmay_the_grid_triangle_9x9_alien,
          minmay_the_grid_triangle_9x9_skeleton,
          minmay_the_grid_triangle_9x9_intruding_spiral,
          minmay_the_grid_triangle_9x9_warning,
          minmay_the_grid_triangle_9x9_impossible_snake,
          minmay_the_grid_triangle_9x9_prize_top_heavy], layout_stronghold,
          grunt_vaults_entry_fortified, grunt_decor_arrowhead
Temple:   nicolae_temple_bog_church
Lair:1:   layout_regular_city, grunt_megastairs_3
Lair:2:   layout_roguey, swamp_mist, maelrawn_ghost_gauntlet_escape,
          columned_hall_lemuel, chequers_serial_rivers_micro_c
Lair:3:   layout_misc_corridors, nicolae_spider_entry_non_spiders,
          grunt_megastairs_1, infiniplex_staircase_pool_2
Lair:4:   layout_small_grid, nicolae_lair_run_with_the_wolves, uniq_urug
Lair:5:   minmay_lair_end_frog_pond, layout_loops_ring, slime_entry_1
Orc:1:    layout_caves, uniq_sonja, uniq_fannar, uniq_snorg
Orc:2:    grunt_orc_cross, layout_diamond_mine, serial_shops,
          nicolae_shop_window_shopping, nicolae_orc_damp_corner,
          minmay_orc_treasury, uniq_donald
Abyss:3:  base: D:14, base:
D:8

Skill      XL: |  1  2  3  4  5  6  7  8  9 10 11 12 13 14 15 16 |
---------------+-------------------------------------------------+-----
Evocations     | 4 5 6 7 10 | 10.0
Polearms       | 3 4 5 6 |  6.0
Fighting       | 3 4 6 9 10 | 10.0
Armour         | 3 5 |  5.0
Dodging        | 3 5 |  5.0
Invocations    | 2 7 10 13 15 | 15.0
Shields        | 4 |  4.0
Throwing       | 7 13 | 13.2
Axes           | 10 13 | 13.1
Stealth        | |  1.0

Action                     |  1- 3 |  4- 6 |  7- 9 | 10-12 | 13-15 | 16-18 || total
---------------------------+-------+-------+-------+-------+-------+-------++-------
  Melee: Mace              |    10 |       |       |       |       |       ||    10
         Dagger            |    62 |   159 |     1 |       |       |       ||   222
         Punch             |     1 |       |     2 |       |       |       ||     3
         Spear             |       |       |   260 |   631 |  1430 |   370 ||  2691
  Throw: Boomerang         |       |       |       |       |    28 |       ||    28
         Throwing net      |       |       |       |       |     8 |       ||     8
         Dart              |       |       |       |       |     6 |       ||     6
 Invoke: Purification      |       |       |     1 |     6 |       |     9 ||    16
         Heal Other        |       |       |       |    16 |    44 |     4 ||    64
         Heal Self         |       |       |       |     6 |     5 |     1 ||    12
  Evoke: Wand              |     5 |    10 |    16 |    31 |    56 |       ||   118
         Lightning rod     |       |       |       |       |    14 |     2 ||    16
    Use: Scroll            |     2 |     5 |     7 |     9 |    24 |     1 ||    48
         Potion            |       |       |     2 |     6 |     8 |     2 ||    18
   Stab: Sleeping          |     1 |       |       |       |       |       ||     1
         Held in net/web   |       |       |       |       |     4 |       ||     4
         Invisible         |       |       |       |       |     5 |       ||     5
 Armour: Leather armour    |    10 |       |       |       |       |       ||    10
         Ring mail         |    17 |    82 |    96 |       |       |       ||   195
         Scale mail        |       |       |     3 |   269 |   531 |    29 ||   832
         Plate armour      |       |       |       |       |       |    52 ||    52
  Dodge: Dodged            |    43 |    88 |   114 |   281 |   709 |   167 ||  1402
  Block: Buckler           |       |       |    24 |   118 |   274 |    44 ||   460
